[Event "Cracovia Festival-A 2023"]
[Site "Krakow"]
[Date "2023.12.30"]
[Round "4.47"]
[White "Katsanis, Vasileios Dim"]
[Black "Jaskolka, Tomasz"]
[Result "0-1"]
[ECO "D02"]
[WhiteElo "2133"]
[BlackElo "2222"]
[Annotator "RC"]
[PlyCount "98"]
[EventDate "2023.12.24"]
[EventType "swiss"]
[EventCountry "POL"]
[SourceTitle "playchess.com"]
[Source "ChessBase"]
[SourceQuality "1"]
[TimeControl "40/5400+30:1800+30"]

1. d4 d5 2. Nf3 e6 3. c4 c6 4. cxd5 exd5 5. Nc3 Bd6 6. Qc2 h6 7. g3 Nf6 8. Bf4 O-O 9. Bxd6 Qxd6 10. Bg2 Re8 11. O-O Nbd7 12. Rac1 Qe7 13. Rfd1 Ne4 14. e3 Nd6 15. b3 Nf6 16. Ne5 h5 17. h4 Ng4 18. Nxg4 hxg4 19. Bf1 g5 20. hxg5 Qxg5 21. Bd3 Bf5 22. Kg2 Re6 23. Bxf5 Nxf5 24. e4 dxe4 25. Nxe4 Qh5 26. Rh1 Qg6 27. Nc5 Re7 28. Qc3 Qf6 29. Rce1 Rae8 30. Qd2 Nxd4 31. Rxe7 Rxe7 32. Rh4 Kf8 33. Qe3 Nf5 34. Qd3 Nxh4+ 35. gxh4 Qf3+ 36. Qxf3 gxf3+ 37. Kxf3 b6 38. Ne4 c5 39. Kf4 Rc7 40. Nd6 Ke7 41. Nf5+ Kf6 42. Ne3 Rd7 43. Ng4+ Kg7 44. Ke3 Rd1 45. Ne5 Ra1 46. f4 Rxa2 47. Kd3 Rh2 48. Nc6 Rxh4 49. Nxa7 Rxf4 0-1

[Event "Cracovia Festival-A 2023"]
[Site "Krakow"]
[Date "2023.12.30"]
[Round "4.48"]
[White "Gkavardinas, Antonios"]
[Black "Leskiewicz, Ignacy"]
[Result "1-0"]
[ECO "B12"]
[WhiteElo "2141"]
[BlackElo "2177"]
[Annotator "RC"]
[PlyCount "83"]
[EventDate "2023.12.24"]
[EventType "swiss"]
[EventCountry "POL"]
[SourceTitle "playchess.com"]
[Source "ChessBase"]
[SourceQuality "1"]
[TimeControl "40/5400+30:1800+30"]

1. e4 c6 2. d4 g6 3. Nf3 Bg7 4. Bd3 d5 5. e5 c5 6. c3 Nc6 7. h3 Qb6 8. O-O Bd7 9. dxc5 Qc7 10. Re1 Nxe5 11. Nxe5 Bxe5 12. Qe2 Bg7 13. Be3 e6 14. Bd4 Kf8 15. Nd2 Ne7 16. Qe3 a5 17. f4 Nc6 18. Rac1 Nxd4 19. cxd4 f6 20. h4 Kf7 21. Nf3 Rhe8 22. Rc2 Bh6 23. g3 Kg8 24. h5 Re7 25. hxg6 hxg6 26. Bxg6 Rg7 27. Nh4 Ra6 28. Qf3 Be8 29. Bxe8 Bxf4 30. Ng6 Bg5 31. Rh2 Rh7 32. Rxh7 Qxh7 33. Nf4 Qe7 34. Bb5 Ra8 35. Rxe6 Qf7 36. Qxd5 Kg7 37. Qd7 Qxd7 38. Bxd7 Rd8 39. Re7+ Kh6 40. Bf5 Rh8 41. d5 Rg8 42. Rh7# 1-0

[Event "Cracovia Festival-A 2023"]
[Site "Krakow"]
[Date "2023.12.30"]
[Round "4.49"]
[White "Hnatyshyn, Anastasiia"]
[Black "Gaurav Rajesh Zagade"]
[Result "1/2-1/2"]
[ECO "B31"]
[WhiteElo "2152"]
[BlackElo "2126"]
[Annotator "RC"]
[PlyCount "128"]
[EventDate "2023.12.24"]
[EventType "swiss"]
[EventCountry "POL"]
[SourceTitle "playchess.com"]
[Source "ChessBase"]
[SourceQuality "1"]
[TimeControl "40/5400+30:1800+30"]

1. e4 c5 2. Nf3 Nc6 3. Bb5 g6 4. Bxc6 dxc6 5. d3 Bg7 6. h3 Qc7 7. a4 a5 8. Na3 e5 9. O-O Ne7 10. Be3 b6 11. Nc4 Be6 12. Nfd2 O-O 13. f4 f5 14. fxe5 fxe4 15. Bf4 exd3 16. cxd3 Rad8 17. Qe2 Nf5 18. Rae1 Nd4 19. Qd1 Rd5 20. Bh2 Rxf1+ 21. Nxf1 Rd8 22. Nfe3 Rf8 23. Ng4 Qd8 24. Nd6 Qg5 25. Ne4 Bxg4 26. hxg4 Qe7 27. Nd2 Bh6 28. Ne4 Kh8 29. Rf1 Bg7 30. Nd6 Kg8 31. Qe1 Rxf1+ 32. Kxf1 Ne6 33. Qe4 Qd7 34. Qc4 Bf8 35. Qa6 Bxd6 36. exd6 Nd4 37. Qa8+ Kf7 38. Qh8 Ke6 39. Qe5+ Kf7 40. Qh8 Ke6 41. Qe5+ Kf7 42. Bg1 Qe6 43. Bxd4 cxd4 44. Qh2 Qf6+ 45. Ke2 Ke6 46. Qxh7 Kxd6 47. Qh6 Qf7 48. g3 Qe6+ 49. Kf3 Kc5 50. Qf8+ Qd6 51. Qxd6+ Kxd6 52. Ke4 c5 53. g5 Ke6 54. b3 Kd6 55. g4 Ke6 56. Kf3 Ke5 57. Kg3 Kd6 58. Kf3 Kc6 59. Ke4 b5 60. Ke5 bxa4 61. bxa4 Kc7 62. Kd5 Kb6 63. Ke4 Kc6 64. Ke5 Kc7 1/2-1/2

[Event "Cracovia Festival-A 2023"]
[Site "Krakow"]
[Date "2023.12.30"]
[Round "4.50"]
[White "Kovalevsky, Stanislav"]
[Black "Krainski, Aleksander"]
[Result "1-0"]
[ECO "C41"]
[WhiteElo "2163"]
[BlackElo "2102"]
[Annotator "ChessBase"]
[PlyCount "43"]
[EventDate "2023.12.24"]
[EventType "swiss"]
[EventCountry "POL"]
[SourceTitle "playchess.com"]
[Source "ChessBase"]
[SourceQuality "1"]
[TimeControl "40/5400+30:1800+30"]

1. e4 e5 2. Nf3 d6 3. d4 Nf6 4. Nc3 Nc6 5. h3 Be7 6. Be3 O-O 7. d5 Nb8 8. g4 c6 9. g5 Nfd7 10. a4 a5 11. h4 Na6 12. Nd2 Ndc5 13. Bc4 Nb4 14. Rg1 Kh8 15. h5 cxd5 16. Nxd5 Nxd5 17. Bxd5 Be6 18. g6 Bxd5 19. exd5 Nd7 20. Ne4 f5 21. h6 f4 22. Qh5 1-0

[Event "Cracovia Festival-A 2023"]
[Site "Krakow"]
[Date "2023.12.31"]
[Round "5.1"]
[White "Janik, Igor"]
[Black "Gumularz, Szymon"]
[Result "1/2-1/2"]
[ECO "C67"]
[WhiteElo "2514"]
[BlackElo "2576"]
[Annotator "TA"]
[PlyCount "27"]
[EventDate "2023.12.24"]
[EventType "swiss"]
[EventCountry "POL"]
[SourceTitle "playchess.com"]
[Source "ChessBase"]
[SourceQuality "1"]
[TimeControl "40/5400+30:1800+30"]

1. e4 e5 2. Nf3 Nc6 3. Bb5 Nf6 4. O-O Nxe4 5. d4 Nd6 6. dxe5 Nxb5 7. a4 Nbd4 8. Nxd4 Nxd4 9. Qxd4 d5 10. exd6 Qxd6 11. Qe4+ Qe6 12. Qd4 Qd6 {[%emt 0:00:03] [#]} 13. Qe4+ $146 {[%emt 0:00:02] C67: Ruy Lopez: Berlin Defence: 4 0-0 Nxe4.} ({Predecessor:} 13. Qe3+ Be6 14. Nc3 a6 15. Rd1 Qc6 16. Rd3 Be7 17. Ne2 Bf6 18. Nd4 Bxd4 19. Qxd4 f6 20. Bf4 O-O {½-½ Li,C (2658)-Wang,Y (2674) CHN-chT DivA 2023 (2.4)}) 13... Qe6 14. Qd4 {[%emt 0:00:03] A rather calm draw.} 1/2-1/2

[Event "Cracovia Festival-A 2023"]
[Site "Krakow"]
[Date "2023.12.31"]
[Round "5.2"]
[White "Keinanen, Toivo"]
[Black "Akbas, Umut Ata"]
[Result "1/2-1/2"]
[ECO "A13"]
[WhiteElo "2522"]
[BlackElo "2446"]
[Annotator "TA"]
[PlyCount "43"]
[EventDate "2023.12.24"]
[EventType "swiss"]
[EventCountry "POL"]
[SourceTitle "playchess.com"]
[Source "ChessBase"]
[SourceQuality "1"]
[TimeControl "40/5400+30:1800+30"]

1. c4 e6 2. g3 d5 3. Bg2 d4 4. d3 Nf6 5. Nf3 Bb4+ 6. Nbd2 {[%emt 0:00:37] A13: English Opening: 1...e6.} (6. Bd2 $14 {feels stronger.} a5 7. O-O) 6... a5 $11 7. Ne5 {[%emt 0:00:24] [#] Inhibits Nc6.} Nfd7 $146 ({Predecessor:} 7... Nbd7 8. Nxd7 Nxd7 9. O-O O-O 10. Nf3 e5 11. e3 dxe3 12. Bxe3 c6 13. Qc2 Bd6 {0-1 Giri,A (2764)-Aronian,L (2759) Julius Baer GenCup Prelim rapid 2022 (12)}) 8. Nxd7 {[%emt 0:02:55] The position is equal.} Qxd7 9. O-O Nc6 10. Qa4 Ra6 11. Nb3 O-O 12. a3 Be7 13. Bxc6 bxc6 14. Nxa5 e5 15. b4 Qh3 16. Qc2 $2 {[%emt 0:05:50] [#]} (16. c5 $1 $11 {and White stays safe.}) 16... c5 $19 {[%emt 0:04:38] ...f5 is the strong threat.} 17. e4 f5 ({Stronger than} 17... cxb4 18. axb4 f5 19. exf5 Bxb4 20. Bd2 Bxd2 21. Qxd2 $17) 18. exf5 Rxf5 19. f3 cxb4 20. axb4 Bxb4 21. Bd2 Bf8 22. Rae1 {[%emt 0:05:41] Weighted Error Value: White=0.23 (precise) /Black=0.03 (flawless)} (22. Qd1 $17) 1/2-1/2

[Event "Cracovia Festival-A 2023"]
[Site "Krakow"]
[Date "2023.12.31"]
[Round "5.3"]
[White "Dzida, Kamil"]
[Black "Soffer, Ram"]
[Result "1/2-1/2"]
[ECO "D18"]
[WhiteElo "2396"]
[BlackElo "2444"]
[Annotator "RC"]
[PlyCount "43"]
[EventDate "2023.12.24"]
[EventType "swiss"]
[EventCountry "POL"]
[SourceTitle "playchess.com"]
[Source "ChessBase"]
[SourceQuality "1"]
[TimeControl "40/5400+30:1800+30"]

1. d4 d5 2. c4 c6 3. Nf3 Nf6 4. Nc3 dxc4 5. a4 Bf5 6. e3 e6 7. Bxc4 Bb4 8. O-O Nbd7 9. Qe2 O-O 10. e4 Bg6 11. Bd3 Bh5 12. e5 Nd5 13. Nxd5 cxd5 14. Qe3 Re8 15. Ne1 f5 16. Bd2 Bxd2 17. Qxd2 Nb8 18. Rc1 Re7 19. Qc3 Be8 20. Bb5 a6 21. Bxe8 Qxe8 22. b3 1/2-1/2

[Event "Cracovia Festival-A 2023"]
[Site "Krakow"]
[Date "2023.12.31"]
[Round "5.4"]
[White "Puranik, Abhimanyu"]
[Black "Steindl, Johannes"]
[Result "1-0"]
[ECO "B69"]
[WhiteElo "2627"]
[BlackElo "2334"]
[Annotator "TA"]
[PlyCount "55"]
[EventDate "2023.12.24"]
[EventType "swiss"]
[EventCountry "POL"]
[SourceTitle "playchess.com"]
[Source "ChessBase"]
[SourceQuality "1"]
[TimeControl "40/5400+30:1800+30"]

1. e4 c5 2. Nf3 d6 3. d4 cxd4 4. Nxd4 Nf6 5. Nc3 Nc6 6. Bg5 e6 7. Qd2 a6 8. O-O-O Bd7 9. f4 Be7 10. Nf3 b5 11. Bxf6 gxf6 12. Kb1 Qa5 {[%emt 0:00:39] [#] B69: Sicilian: Richter-Rauzer: 7...a6 8 0-0-0 Bd7 9 f4 Be7 10 Nf3 b5 11 Bxf6.} 13. f5 $1 Rc8 (13... h5 14. Nd4) 14. g3 ({White should play} 14. Qh6 $16) 14... h5 $11 {[%emt 0:00:44] The position is equal.} 15. Bd3 $5 {[%emt 0:25:38][%mdl 4] [#] An interesting side line.} Nb4 $146 ({Predecessor:} 15... Ne5 16. Rhf1 Qb6 17. Ne2 Nxf3 18. Rxf3 e5 19. Nc3 Bc6 20. Be2 Qc7 21. Rd3 Qb6 {1-0 Blohberger,F (2490)-Schwabeneder,F (2438) Vienna GM 2021 (9)}) 16. fxe6 (16. Nh4 $5 ) 16... fxe6 17. e5 {[%emt 0:02:10] [#]} Rxc3 $1 18. Bg6+ (18. Qxc3 Qxa2+) 18... Kd8 $1 19. Qxc3 Qxa2+ 20. Kc1 {[%emt 0:00:03] Chess con chili.} dxe5 {[%emt 0:01:24][%mdl 8192] [#] Black cannot hold the game after this.} (20... Nd5 $2 21. Rxd5 Qxd5 22. exd6 (22. exf6 Bf8 $18) 22... Qxd6 23. Ng5 $18) (20... Bf8 $1 $15 {stays ahead.} 21. Rxd6 Bxd6 22. exd6 Nd5) 21. Nxe5 $1 $18 fxe5 22. Qxe5 Nd5 {[%emt 0:00:03] Strongly threatening ...Bf6.} (22... Qa1+ $2 23. Kd2 Qa2 24. Qxh8+ $18) 23. Qxh8+ Kc7 {[%emt 0:00:04] ( -> ...Bg5+)} 24. Qe5+ (24. Bxh5 $2 Bg5+ 25. Rd2 Qa1#) 24... Kc8 {[%emt 0:00:02] White is clearly winning.} 25. Be8 (25. Bxh5 $2 Bf6 $19) 25... Bb4 (25... Bf6 $142 26. Bxd7+ (26. Qxh5 Qxb2+ 27. Kd2 Qd4+ 28. Ke1 Qe4+ 29. Kf2 Bd4+ 30. Rxd4 Qxd4+ 31. Kg2 Qe4+ 32. Kg1 Qe1+ 33. Kg2 Qe4+ 34. Kg1 Qe1+ 35. Kg2 Qe4+ $11) 26... Kb7 27. Bc6+ {[%mdl 64] Double Attack} (27. Qxe6 $2 {is a self mate.} Bg5+) (27. Qxh5 Qxb2+ 28. Kd2 Qb4+ 29. Ke2 Qe4+ 30. Kf2 Be7 $11) 27... Ka7 28. Rxd5 (28. Bxd5 Qa1+ 29. Kd2 Qa5+ 30. c3 Bxe5 $11) 28... Bxe5 29. Rxe5 Qa1+ 30. Kd2 Qxb2) 26. Bxd7+ (26. Qxh5 $2 Qa1#) 26... Kxd7 27. c3 (27. Qxh5 $2 Qa1#) 27... Bf8 28. Rhe1 {[%emt 0:00:51] Ingenious play by Puranik!   Weighted Error Value: White=0.37/Black=0.58} 1-0

[Event "Cracovia Festival-A 2023"]
[Site "Krakow"]
[Date "2023.12.31"]
[Round "5.5"]
[White "Polak, Tomas"]
[Black "Zdybel, Przemyslaw"]
[Result "1-0"]
[ECO "A05"]
[WhiteElo "2517"]
[BlackElo "2180"]
[Annotator "TA"]
[PlyCount "93"]
[EventDate "2023.12.24"]
[EventType "swiss"]
[EventCountry "POL"]
[SourceTitle "playchess.com"]
[Source "ChessBase"]
[SourceQuality "1"]
[TimeControl "40/5400+30:1800+30"]

1. Nf3 Nf6 2. c4 g6 3. Nc3 c5 4. e4 d6 5. d4 cxd4 6. Nxd4 Nc6 7. Be2 Bg7 8. Be3 O-O 9. O-O Bd7 10. Qd2 a5 11. f3 Nxd4 12. Bxd4 (12. Qxd4 Ng4 13. Qd3 Nxe3 14. Qxe3 a4 $11) 12... a4 {[%emt 0:00:06] B38: Sicilian: Maroczy Bind with 5...Bg7 and 7...0-0.} 13. b4 axb3 14. axb3 Be6 {[%emt 0:02:31] White is slightly better.} 15. Rab1 {[%emt 0:10:44] White is much more active.} Nd7 16. Be3 Nc5 17. Rfc1 Ra3 18. Bd1 {[%emt 0:01:31] [#]} Qa8 $146 ({Predecessor:} 18... Bd7 19. b4 Ne6 20. Bb3 Re8 21. Bf2 Be5 22. Be3 Bg7 23. f4 Bc6 24. Nd5 Nf8 25. Re1 Nd7 {1-0 Kononenko,D (2608)-Petrova,K (2297) CZE-chT rap Pardubice 2012 (7.1)}) 19. b4 Nd7 20. Bb3 {[%emt 0:00:26] Strongly threatening Nb5.} Bxc3 21. Rxc3 (21. Qxc3 {looks sharper.} Rc8 22. Bh6 Nf6 23. Ra1) 21... Rc8 22. Bd4 Ra1 23. Qb2 Rxb1+ 24. Qxb1 Qa6 25. Qc1 Ra8 26. Rc2 {[%emt 0:08:17] Ra2 would be deadly.} Qc6 27. h4 $40 {[%emt 0:03:35][%cal Bh2h4,Bh4h5,Bh5h6][%mdl 160] White mounts an attack.} f6 $1 28. Kh2 Kg7 29. h5 Ne5 30. h6+ Kg8 31. Qb2 Qd7 32. Bxe5 fxe5 {[%emt 0:00:12] [#]} 33. f4 Bf7 $1 $11 34. c5 Rf8 {[%emt 0:01:13][%mdl 8192] Black cannot hold the game after this.} (34... exf4 $2 35. Qg7#) (34... Qg4 $11 {and Black stays safe.}) 35. fxe5 $18 {[%emt 0:00:26][%cal Oe5e6] Threatening mate with e6!} Qg4 {[%emt 0:00:22] [#]} 36. Rf2 {[%emt 0:00:24] Wards off Qf4+. e6 would kill now.} ({And not} 36. exd6 Qh5+ 37. Kg1 Qd1+ 38. Kh2 Qh5+ 39. Kg1 Qd1+ 40. Kh2 Qh5+ $11) ({Weaker is} 36. cxd6 Qh4+ 37. Kg1 Qe1+ 38. Kh2 Qh4+ 39. Kg1 Qe1+ 40. Kh2 Qh4+ $11) 36... Qh4+ $2 (36... dxe5 37. Qxe5 Qh4+ 38. Kg1 Qxh6) 37. Kg1 {[%emt 0:00:03] White wants to mate with e6.} dxe5 38. Rxf7 Rxf7 39. Bxf7+ ({Not} 39. Qxe5 Qf2+ 40. Kh1 Qh4+ 41. Kg1 Qe1+ 42. Kh2 Qh4+ 43. Kg1 $11) 39... Kxf7 {[%emt 0:00:03][%mdl 4096] Endgame KQ-KQ} 40. Qf2+ Qf4 41. Qxf4+ {[%emt 0:21:33] White mates.} exf4 {[%emt 0:00:21] KP-KP} 42. b5 Ke8 43. e5 g5 44. Kf2 g4 45. Ke2 Kd7 46. Kd3 Ke6 {[%emt 0:00:32] [#]} 47. c6 $1 {[%emt 0:00:17] Weighted Error Value: White=0.04 (flawless) /Black=0.33} 1-0

[Event "Cracovia Festival-A 2023"]
[Site "Krakow"]
[Date "2023.12.31"]
[Round "5.6"]
[White "Sernecki, Franciszek"]
[Black "Pajeken, Jakob Leon"]
[Result "1/2-1/2"]
[ECO "E16"]
[WhiteElo "2325"]
[BlackElo "2428"]
[Annotator "RC"]
[PlyCount "44"]
[EventDate "2023.12.24"]
[EventType "swiss"]
[EventCountry "POL"]
[SourceTitle "playchess.com"]
[Source "ChessBase"]
[SourceQuality "1"]
[TimeControl "40/5400+30:1800+30"]

1. d4 Nf6 2. c4 e6 3. Nf3 b6 4. g3 Bb7 5. Bg2 Bb4+ 6. Bd2 c5 7. Bxb4 cxb4 8. O-O O-O 9. a3 bxa3 10. Nxa3 a5 11. Nb5 Na6 12. b3 d6 13. Qd2 Qe7 14. Rfd1 Nb4 15. Rac1 Bc6 16. Nc3 Ne4 17. Nxe4 Bxe4 18. Ne1 Bxg2 19. Nxg2 Rac8 20. Nf4 Rfd8 21. Nd3 Nxd3 22. Qxd3 Qg5 1/2-1/2

[Event "Cracovia Festival-A 2023"]
[Site "Krakow"]
[Date "2023.12.31"]
[Round "5.7"]
[White "Lewicki, Miroslaw"]
[Black "Schwabeneder, Florian"]
[Result "1/2-1/2"]
[ECO "C77"]
[WhiteElo "2321"]
[BlackElo "2402"]
[Annotator "RC"]
[PlyCount "24"]
[EventDate "2023.12.24"]
[EventType "swiss"]
[EventCountry "POL"]
[SourceTitle "playchess.com"]
[Source "ChessBase"]
[SourceQuality "1"]
[TimeControl "40/5400+30:1800+30"]

1. e4 e5 2. Nf3 Nc6 3. Bb5 a6 4. Ba4 Nf6 5. d3 b5 6. Bb3 Be7 7. a4 b4 8. O-O d6 9. c3 bxc3 10. bxc3 O-O 11. Nbd2 Na5 12. Ba2 c5 1/2-1/2

[Event "Cracovia Festival-A 2023"]
[Site "Krakow"]
[Date "2023.12.31"]
[Round "5.8"]
[White "Lukasiewicz, Krzysztof"]
[Black "Bogdanov, Egor"]
[Result "0-1"]
[ECO "A45"]
[WhiteElo "2290"]
[BlackElo "2394"]
[Annotator "RC"]
[PlyCount "82"]
[EventDate "2023.12.24"]
[EventType "swiss"]
[EventCountry "POL"]
[SourceTitle "playchess.com"]
[Source "ChessBase"]
[SourceQuality "1"]
[TimeControl "40/5400+30:1800+30"]

1. d4 Nf6 2. Bf4 g6 3. Nc3 c5 4. e3 Bg7 5. Be2 O-O 6. h4 cxd4 7. exd4 h5 8. Qd2 d6 9. O-O-O Nc6 10. Nf3 Bg4 11. Bh6 Rc8 12. Bxg7 Kxg7 13. Kb1 Na5 14. Ng5 Bxe2 15. Qxe2 Rxc3 16. bxc3 Nd5 17. Ne4 f5 18. Qb5 e6 19. c4 a6 20. Qb2 Nxc4 21. Qb3 fxe4 22. Qxc4 Rxf2 23. Qb3 b5 24. Rde1 e3 25. Rxe3 Nxe3 26. Qxe3 Qf6 27. Re1 Rxg2 28. Qxe6 Qxe6 29. Rxe6 Rg4 30. Rxd6 Rxh4 31. a4 Rf4 32. a5 Rf6 33. Rd7+ Rf7 34. Rd6 h4 35. Re6 h3 36. Re2 g5 37. Kb2 Kg6 38. Kb3 g4 39. Kb4 g3 40. Re3 g2 41. Rg3+ Kf6 0-1

[Event "Cracovia Festival-A 2023"]
[Site "Krakow"]
[Date "2023.12.31"]
[Round "5.9"]
[White "Antolak, Julia"]
[Black "Sieciechowicz, Marcin"]
[Result "1-0"]
[ECO "B90"]
[WhiteElo "2287"]
[BlackElo "2391"]
[Annotator "RC"]
[PlyCount "65"]
[EventDate "2023.12.24"]
[EventType "swiss"]
[EventCountry "POL"]
[SourceTitle "playchess.com"]
[Source "ChessBase"]
[SourceQuality "1"]
[TimeControl "40/5400+30:1800+30"]

1. e4 c5 2. Nf3 d6 3. d4 cxd4 4. Nxd4 Nf6 5. Nc3 a6 6. h3 e5 7. Nde2 h5 8. g3 Be7 9. Bg2 Nbd7 10. Be3 b5 11. Nd5 Nxd5 12. Qxd5 Rb8 13. O-O Nf6 14. Qd2 Bb7 15. Nc3 b4 16. Nd5 Nxd5 17. exd5 O-O 18. f4 exf4 19. Rxf4 a5 20. Raf1 Qd7 21. Rf5 Rbe8 22. Bd4 f6 23. Qf4 g6 24. Qh6 gxf5 25. Qg6+ Kh8 26. Rxf5 Qxf5 27. Qxf5 Bd8 28. Be4 Rf7 29. Qxh5+ Kg8 30. Bg6 Re1+ 31. Kf2 Rfe7 32. Bd3 Re8 33. Qh7+ 1-0

[Event "Cracovia Festival-A 2023"]
[Site "Krakow"]
[Date "2023.12.31"]
[Round "5.10"]
[White "Akhvlediani, Irakli"]
[Black "Podolskyi, Mykhailo"]
[Result "0-1"]
[ECO "B40"]
[WhiteElo "2359"]
[BlackElo "2177"]
[Annotator "RC"]
[PlyCount "84"]
[EventDate "2023.12.24"]
[EventType "swiss"]
[EventCountry "POL"]
[SourceTitle "playchess.com"]
[Source "ChessBase"]
[SourceQuality "1"]
[TimeControl "40/5400+30:1800+30"]

1. e4 c5 2. Nf3 e6 3. g3 Nf6 4. e5 Nd5 5. Bg2 Nc6 6. O-O Be7 7. Re1 f6 8. d4 cxd4 9. Nxd4 fxe5 10. Nxc6 bxc6 11. Qh5+ g6 12. Qxe5 O-O 13. Nd2 Qb6 14. Nf3 Ba6 15. Bh6 Rf7 16. c4 Bxc4 17. Qe4 Bb5 18. Ne5 Rxf2 19. Kh1 Nf6 20. Nxd7 Nxe4 21. Nxb6 axb6 22. Rxe4 Rxb2 23. Bh3 e5 24. Be6+ Kh8 25. Rae1 Bf6 26. Bc1 Rb1 27. Bh6 Bd3 28. R4e2 Rxe1+ 29. Rxe1 e4 30. Be3 c5 31. Kg2 c4 32. Kh3 Rxa2 33. Bd5 b5 34. Bc5 Ra1 35. Be7 Bg7 36. Rxa1 Bxa1 37. Bc6 e3 38. Kg2 e2 39. Bb4 c3 40. Kf2 c2 41. Bd2 Bd4+ 42. Ke1 Bb2 0-1

[Event "Cracovia Festival-A 2023"]
[Site "Krakow"]
[Date "2023.12.31"]
[Round "5.11"]
[White "Baumegger, Siegfried"]
[Black "Cieslak, Patryk"]
[Result "1/2-1/2"]
[ECO "A14"]
[WhiteElo "2388"]
[BlackElo "2284"]
[Annotator "RC"]
[PlyCount "44"]
[EventDate "2023.12.24"]
[EventType "swiss"]
[EventCountry "POL"]
[SourceTitle "playchess.com"]
[Source "ChessBase"]
[SourceQuality "1"]
[TimeControl "40/5400+30:1800+30"]

1. Nf3 Nf6 2. c4 e6 3. g3 d5 4. Bg2 Be7 5. O-O O-O 6. d4 dxc4 7. Qc2 a6 8. a4 Bd7 9. Rd1 Bc6 10. Bg5 b5 11. Bxf6 Bxf6 12. Nc3 Qe8 13. h4 g6 14. e4 Bb7 15. h5 Bg7 16. d5 c6 17. axb5 cxb5 18. hxg6 hxg6 19. e5 Bxd5 20. Nxd5 exd5 21. Rxd5 Nc6 22. Qe4 Qe7 1/2-1/2

[Event "Cracovia Festival-A 2023"]
[Site "Krakow"]
[Date "2023.12.31"]
[Round "5.12"]
[White "Ernst, Robert"]
[Black "Kozak, Antoni"]
[Result "1/2-1/2"]
[ECO "D35"]
[WhiteElo "2271"]
[BlackElo "2442"]
[Annotator "RC"]
[PlyCount "171"]
[EventDate "2023.12.24"]
[EventType "swiss"]
[EventCountry "POL"]
[SourceTitle "playchess.com"]
[Source "ChessBase"]
[SourceQuality "1"]
[TimeControl "40/5400+30:1800+30"]

1. d4 Nf6 2. c4 e6 3. Nc3 d5 4. cxd5 exd5 5. Bg5 c6 6. e3 Be6 7. Bd3 Nbd7 8. f3 Be7 9. Nge2 Nh5 10. Bxe7 Qxe7 11. g4 Qh4+ 12. Kd2 Nhf6 13. Qe1 Qxe1+ 14. Raxe1 O-O-O 15. h4 Ne8 16. Nf4 Nd6 17. Nce2 a5 18. b3 Kc7 19. a4 Rde8 20. Nh5 Reg8 21. Nef4 g6 22. Ng3 Re8 23. Re2 h6 24. Rf2 Nf6 25. g5 hxg5 26. hxg5 Rxh1 27. Nxh1 Nh7 28. Nxe6+ Rxe6 29. f4 f5 30. Rh2 Re7 31. Nf2 b6 32. Nd1 Kd7 33. Nc3 Ke8 34. Be2 Nf8 35. Bf3 Kf7 36. Nd1 Kg7 37. Nf2 Nd7 38. Rh1 Nb8 39. Nd3 Nf7 40. Rc1 Re6 41. Bg2 Na6 42. Bf3 Nd8 43. Ne5 Rd6 44. Rh1 Ne6 45. Rh6 Nf8 46. Bg2 Nb4 47. Bh3 Re6 48. Bg2 Rd6 49. Bh3 Re6 50. Bg2 c5 51. Nd3 Nxd3 52. Kxd3 Rd6 53. Rh4 Ne6 54. Bf3 Nc7 55. Rh1 Rd8 56. Bg2 Ne6 57. Rh4 Rd7 58. Bf3 Nc7 59. Rh1 Rd8 60. Bg2 Na6 61. Rc1 Nb4+ 62. Kd2 Rh8 63. Rh1 Rc8 64. Rc1 Kf7 65. Bf3 Ke6 66. Bg2 Kd6 67. dxc5+ bxc5 68. Rh1 c4 69. bxc4 dxc4 70. Kc3 Kc5 71. Rh7 Na2+ 72. Kb2 Nb4 73. Kc3 Re8 74. e4 Na2+ 75. Kb2 Rd8 76. Rc7+ Kb6 77. Rxc4 Nb4 78. exf5 Rd2+ 79. Kc1 Rxg2 80. fxg6 Nd3+ 81. Kb1 Nxf4 82. Rxf4 Rxg5 83. Rf6+ Kc5 84. Kb2 Kb4 85. Rf4+ Kc5 86. Rf6 1/2-1/2

[Event "Cracovia Festival-A 2023"]
[Site "Krakow"]
[Date "2023.12.31"]
[Round "5.13"]
[White "Ashwath, R.."]
[Black "Golubka, Petro"]
[Result "1/2-1/2"]
[ECO "A04"]
[WhiteElo "2284"]
[BlackElo "2440"]
[Annotator "RC"]
[PlyCount "46"]
[EventDate "2023.12.24"]
[EventType "swiss"]
[EventCountry "POL"]
[SourceTitle "playchess.com"]
[Source "ChessBase"]
[SourceQuality "1"]
[TimeControl "40/5400+30:1800+30"]

1. Nf3 e6 2. g3 g5 3. d4 g4 4. Nh4 Be7 5. Ng2 c5 6. Ne3 h5 7. d5 d6 8. h3 gxh3 9. Bxh3 Nf6 10. c4 exd5 11. Bxc8 Qxc8 12. Nxd5 Nxd5 13. Qxd5 Nc6 14. Bg5 Qe6 15. Qxe6 fxe6 16. Bxe7 Kxe7 17. Nc3 Raf8 18. f3 a6 19. Kf2 Ne5 20. b3 Ng4+ 21. Kg2 Ne3+ 22. Kf2 Ng4+ 23. Kg2 Ne3+ 1/2-1/2

[Event "Cracovia Festival-A 2023"]
[Site "Krakow"]
[Date "2023.12.31"]
[Round "5.14"]
[White "Pacan-Milej, Kosma"]
[Black "Ongut, Tamas Gunes"]
[Result "1-0"]
[ECO "D35"]
[WhiteElo "2425"]
[BlackElo "2313"]
[Annotator "RC"]
[PlyCount "67"]
[EventDate "2023.12.24"]
[EventType "swiss"]
[EventCountry "POL"]
[SourceTitle "playchess.com"]
[Source "ChessBase"]
[SourceQuality "1"]
[TimeControl "40/5400+30:1800+30"]

1. d4 Nf6 2. c4 e6 3. Nc3 d5 4. cxd5 exd5 5. Bg5 Bb4 6. e3 h6 7. Bxf6 Qxf6 8. Qb3 Qd6 9. a3 Bxc3+ 10. bxc3 Nd7 11. Bd3 O-O 12. Nf3 c5 13. Qb2 Rb8 14. a4 c4 15. Bc2 b5 16. axb5 a6 17. Ra5 Rb6 18. O-O Nb8 19. Ne5 f6 20. Ng6 Re8 21. Nf4 Nc6 22. Raa1 axb5 23. Bg6 Rd8 24. Qe2 Ne7 25. Bc2 b4 26. cxb4 Rxb4 27. Qh5 Rb2 28. Bd1 Bf5 29. Ra7 Be4 30. Ba4 Rb1 31. Rxb1 Bxb1 32. Be8 Kh7 33. Qf7 Nf5 34. Nh5 1-0

[Event "Cracovia Festival-A 2023"]
[Site "Krakow"]
[Date "2023.12.31"]
[Round "5.15"]
[White "Cukrowski, Filip"]
[Black "Janeczko, Jakub"]
[Result "1/2-1/2"]
[ECO "A43"]
[WhiteElo "2402"]
[BlackElo "2283"]
[Annotator "RC"]
[PlyCount "82"]
[EventDate "2023.12.24"]
[EventType "swiss"]
[EventCountry "POL"]
[SourceTitle "playchess.com"]
[Source "ChessBase"]
[SourceQuality "1"]
[TimeControl "40/5400+30:1800+30"]

1. d4 Nf6 2. Nf3 c5 3. d5 b5 4. Bg5 g6 5. Bxf6 exf6 6. e4 b4 7. Nbd2 Bg7 8. Bd3 O-O 9. O-O d6 10. Nc4 Qc7 11. Nfd2 Nd7 12. f4 a5 13. Qf3 Ba6 14. Rae1 Rfe8 15. Qg3 Bxc4 16. Bxc4 f5 17. exf5 Rxe1 18. Rxe1 Bxb2 19. fxg6 hxg6 20. Bb5 Nf6 21. Bc6 Rf8 22. Nc4 Bc3 23. Re2 Nh5 24. Qf3 Qd8 25. g4 Ng7 26. Kg2 Qf6 27. h3 a4 28. Qe4 a3 29. Bd7 Rd8 30. Bc6 Rf8 31. Kg3 Rb8 32. Qd3 Kf8 33. Kg2 Kg8 34. Qe3 Kf8 35. Qe4 Qd8 36. Kg3 Qf6 37. h4 Kg8 38. Kh3 Rf8 39. Qe3 Bd4 40. Qe4 Bc3 41. Kg3 Rb8 1/2-1/2